[Event "*** Titled Tuesday Blitz"]
[Site "Chess.com"]
[Date "2020.04.14"]
[Round "2"]
[White "YumiBear"]
[Black "Rozum_Ivan"]
[Result "0-1"]
[WhiteElo "2534"]
[BlackElo "2770"]
[TimeControl "180+1"]
[EndTime "10:18:51 PDT"]
[Termination "Rozum_Ivan won by resignation"]

1. d4 Nf6 2. Nf3 e6 3. g3 b6 4. Bg2 Bb7 5. O-O Be7 6. c4 O-O 7. d5 Na6 8. Nc3 Bb4 9. Bd2 Nc5 10. a3 Bxc3 11. Bxc3 Nce4 12. Rc1 Nxc3 13. Rxc3 exd5 14. Nh4 c5 15. cxd5 Re8 16. Qd3 a5 17. Re1 Ba6 18.
Qd2 Ne4 19. Bxe4 Rxe4 20. e3 Qf6 21. Rcc1 Rae8 22. f3 Rxh4 23. gxh4 Qxf3 24. Qg2 Qh5 25. Qg5 Qxg5+ 26. hxg5 Re5 27. h4 Rxd5 28. Rcd1 Bd3 29. e4 Rd4 30. Re3 c4 31. Kf2 b5 32. b3 Rd6 33. a4 Rb6 34. axb5 Rxb5 35. bxc4 Rb2+ 36. Kf3 Bxc4 37. Rxd7 g6 38. Rc3 Be6 39. Re7 a4 40. Kf4 Rh2 41. Ra7 Rxh4+ 42. Ke5 Kg7 43. Rc6 Bb3 44.
Rc3 Rg4 45. Rf3 Rxg5+ 46. Kd4 h5 47. e5 Rg4+ 48. Kc5 Re4 49. Kd6 Re2 50. Rf4 g5 51.
Rf5 Kg6 52. Rf6+ Kg7 53. Rf5 Rd2+ 54. Kc5 Rg2 55. Kd6 h4 56. Kc5 h3 57. Rf3 g4 58.
Rf5 h2 59. Rh5 g3 60. Ra6 Rc2+ 61. Kb4 Be6 62. Rxa4 g2 63. Rg5+ 0-1

[Event "*** Titled Tuesday Blitz"]
[Site "Chess.com"]
[Date "2020.04.14"]
[Round "2"]
[White "TranJMinh"]
[Black "Bambi2006"]
[Result "1-0"]
[WhiteElo "2777"]
[BlackElo "2421"]
[TimeControl "180+1"]
[EndTime "10:18:53 PDT"]
[Termination "TranJMinh won by resignation"]

1. c4 Nf6 2. Nc3 e5 3. g3 d5 4. cxd5 Nxd5 5. Bg2 Nb6 6. Nf3 Nc6 7. O-O Be7 8. d3 Be6 9. b3 O-O 10. Bb2 a5 11.
Nd2 Qd7 12. Nc4 Nxc4 13. dxc4 Qc8 14. Nd5 Bd6 15. Qd2 Bh3 16. Rad1 Bxg2 17. Kxg2 Qf5 18. Qd3 Qxd3 19. Rxd3 Nb4 20. Rd2 Nxa2 21. Bxe5 Bxe5 22.
Rxa2 c6 23. Nb6 Ra6 24. Nd7 Re8 25. Rd1 Bc7 26. Nc5 Ra7 27. Rd7 b5 28. Nd3 bxc4 29. bxc4 h6 30. Nb4 Re6 31. Nd3 Re8 32. Nb4 Re6 33.
e3 g5 34. Nd3 Rd6 35. Rxd6 Bxd6 36. c5 Be7 37. Ra4 f5 38. Kf3 Kg7 39. h3 Kf6 40. g4 fxg4+ 41. hxg4 Ra8 42. Ke4 Re8 43. Kd4 Bd8 44. Kc4 Re4+ 45. Kb3 Re7 46. Rd4 Bc7 47.
Ra4 Kg6 48. Kc2 Rd7 49. Ra1 Re7 50. Rb1 Re4 51. Rb7 Bh2 52. Rb6 Rxg4 53. Rxc6+ Kh5 54. Ra6 a4 55. Kc3 Rg2 56. Rxa4 g4 57. c6 Rg1 58. Kd2 Rb1 59. Rc4 Bc7 60. Nf4+ Bxf4 61. exf4 Rb2+ 62.
Ke3 Rb8 63. c7 Rc8 64. Ke4 Kg6 65. f5+ Kf6 66. Kf4 Kg7 67. Rc6 h5 68. Kg5 Kf7 69. Kxh5 Ke7 70. Kxg4 Kd7 71. Rc1 Rxc7 72. Rxc7+ Kxc7 73. Kg5 Kd7 74. Kg6 Ke8 75. Kg7 Ke7 76. f6+ 1-0

[Event "*** Titled Tuesday Blitz"]
[Site "Chess.com"]
[Date "2020.04.14"]
[Round "2"]
[White "Durarbayli"]
[Black "mbachez"]
[Result "0-1"]
[WhiteElo "2818"]
[BlackElo "2488"]
[TimeControl "180+1"]
[EndTime "10:18:54 PDT"]
[Termination "mbachez won by resignation"]

1. e4 e6 2. d4 d5 3. Nd2 h6 4.
Ngf3 Nf6 5. e5 Nfd7 6. c3 c5 7. Bd3 Nc6 8. O-O g5 9. h3 h5 10. Re1 g4 11. hxg4 hxg4 12. Nh2 cxd4 13. cxd4 g3 14.
fxg3 Nxd4 15. Ndf1 Bc5 16. Kh1 Nc6 17. Bf4 Bd4 18. Qg4 Ndxe5 19. Bxe5 Bxe5 20. Re2 Qf6 21. Rb1 Bd7 22. Bb5 O-O-O 23. Qf3 Nd4 24. Qc3+ Kb8 25.
Rxe5 Qxe5 26. Re1 Qg7 27. Bd3 Rc8 28. Qb4 Bc6 29. Kg1 e5 30. Qd6+ Ka8 31. Rxe5 Rhd8 32. Qe7 Re8 33. Rg5 Qh6 34. Ng4 Rxe7 35. Nxh6 Ne2+ 36.
Kf2 Nc1 37. Bf5 Rce8 38. Rg7 Re2+ 39. Kg1 d4 40. Bh3 d3 41. Rxf7 d2 42. Nxd2 Rxd2 43. g4 a6 44. Kh2 Nd3 45. g5 Ne1 46. g6 Bxg2 47. Kg3 Bxh3 48. Kxh3 Re3+ 49. Kg4 Rg2+ 50.
Kf4 Rf3+ 51. Ke4 Rxg6 52. Rxf3 Nxf3 53. Nf5 Ng5+ 54. Ke5 Nf7+ 55. Kd5 Rg5 56. Ke6 Rxf5 57. Kxf5 Nd8 58. Ke4 Kb8 59. Kd5 Kc7 60. b4 Nc6 61. Kc5 Na7 62. a4 b6+ 63. Kd5 b5 64. axb5 axb5 65. Kc5 Kb7 66. Kd6 Kb6 67. Kd5 Nc6 68.
Ke4 Nxb4 0-1

[Event "*** Titled Tuesday Blitz"]
[Site "Chess.com"]
[Date "2020.04.14"]
[Round "2"]
[White "PawnEatingZombie"]
[Black "AquivaRubinstein"]
[Result "1-0"]
[WhiteElo "2132"]
[BlackElo "2386"]
[TimeControl "180+1"]
[EndTime "10:18:55 PDT"]
[Termination "PawnEatingZombie won on time"]

1. d4 Nf6 2. c4 c5 3. d5 e6 4. Nc3 exd5 5. cxd5 d6 6. e4 g6 7. Bd3 Bg7 8. h3 O-O 9. Nf3 b5 10. Nxb5 Re8 11. O-O Nxe4 12. Re1 a6 13. Rxe4 Rxe4 14. Nxd6 Rb4 15. a3 Rb6 16. Nxf7 Kxf7 17.
Ng5+ Kg8 18. d6 Rxd6 19. Bc4+ Kf8 20. Qf3+ Bf6 21. Nxh7+ Kg7 22. Nxf6 Qxf6 23. Qxa8 Rd1+ 24. Bf1 Qd6 25. Qf3 Rd4 26. Be3 Rd5 27. Bc4 Rf5 28. Qg3 Qxg3 29. fxg3 Bb7 30. Rd1 Bc6 31. Rd6 Bb5 32.
Bxb5 axb5 33. Rb6 c4 34. Rxb8 Rd5 35. Kh2 Kf6 36. h4 Kf5 37. Bf4 Ke4 38. Rb6 Kf5 39. a4 bxa4 40. Rb4 Rd4 41. Rxa4 Kg4 42. Rb4 Rd3 43.
Rxc4 Rb3 44. Rc2 Rb6 45. Be5 Rb5 46. Bc3 Rb6 47. Rf2 Rb5 48. Rf4+ Kh5 49. Rf6 g5 50. hxg5 Kxg5 51. Rd6 Kg4 52. Rg6+ Kf5 53. Rg8 Rb6 54. Rf8+ Kg5 55. Rf4 Rh6+ 56. Kg1 Rd6 57. Kf2 Rd5 58. Ke3 Kg6 59. Rd4 Re5+ 60. Re4 Rd5 61. Rd4 Re5+ 62. Kd3 Rf5 63. Kc4 Rf2 64. b4 Rxg2 65. b5 Rxg3 66. b6 Rg1 67. b7 Rb1 68. Bb4 Rc1+ 69. Kb5 Rc7 70. b8=Q Rb7+ 71. Qxb7 1-0

[Event "*** Titled Tuesday Blitz"]
[Site "Chess.com"]
[Date "2020.04.14"]
[Round "2"]
[White "RitvarsReimanis"]
[Black "Igor_Lysyj"]
[Result "1-0"]
[WhiteElo "2584"]
[BlackElo "2808"]
[TimeControl "180+1"]
[EndTime "10:18:56 PDT"]
[Termination "RitvarsReimanis won by resignation"]

1. d4 d5 2. c4 e6 3. Nf3 Nf6 4. Nc3 dxc4 5. e3 a6 6. Bxc4 b5 7. Bb3 Bb7 8. O-O Nbd7 9. Qe2 c5 10. Rd1 Qc7 11. d5 c4 12. dxe6 fxe6 13. Bc2 Bd6 14. e4 O-O 15. a3 Ne5 16. Nxe5 Bxe5 17. g3 Qc6 18. f4 Bxc3 19. bxc3 Nxe4 20. Bxe4 Qxe4 21.
Qxe4 Bxe4 22. Re1 Bf5 23. Be3 a5 24. Rad1 Bd3 25. Bb6 Kf7 26. Re5 Rfb8 27. Bc5 Rb7 28. Rde1 Ra6 29. g4 g6 30. Kf2 Rc6 31. h4 Rbc7 32.
Bd4 Rb7 33. Bc5 Rd7 34. h5 gxh5 35. Rxh5 Bg6 36. Rhe5 Bd3 37. f5 exf5 38. gxf5 Kf6 39. Re6+ Rxe6 40. fxe6 Rd8 41. Bb6 Re8 42. Bxa5 h5 43.
e7 Kf7 44. Bb4 h4 45. Kg2 Rh8 46. Kh2 Re8 47. Re3 Rh8 48. Rf3+ Kg7 49. Rf8 Bg6 50. Bc5 Kh7 51. Bd4 Rg8 52. Kh3 Be8 53.
Kxh4 Bd7 54. Rxg8 Kxg8 55. Kg5 Kf7 56. Bc5 Ke8 57. Kf6 Bg4 58. Ke5 Bd1 59. Kd6 Ba4 60.
Bb4 Bb3 61. Kc6 Ba4 62. Kc7 Bb3 63. Kb7 Ba4 64. Kb6 Kd7 65. Kb7 Ke8 66. Kc7 Bb3 67.
Kd6 Ba4 68. Kc5 Kd7 69. Kd5 Ke8 70. Kc6 Bc2 71. Kxb5 Kd7 72. Kxc4 1-0

[Event "*** Titled Tuesday Blitz"]
[Site "Chess.com"]
[Date "2020.04.14"]
[Round "2"]
[White "awesomevishesh"]
[Black "1stSecond"]
[Result "1-0"]
[WhiteElo "2525"]
[BlackElo "2699"]
[TimeControl "180+1"]
[EndTime "10:18:56 PDT"]
[Termination "awesomevishesh won by resignation"]

1. d4 Nf6 2. c4 e6 3. g3 c5 4. d5 a6 5. a4 g6 6. Nc3 Bg7 7. Nf3 O-O 8. Bg2 d6 9. O-O e5 10. e4 Ng4 11. h3 Nh6 12. Ne1 Nd7 13. Nd3 Nb6 14. b3 f5 15. a5 Nd7 16. Bd2 f4 17. Na4 g5 18. b4 cxb4 19. Bxb4 Qf6 20. Re1 f3 21. Bf1 g4 22. h4 Qg6 23. c5 Nf6 24.
cxd6 Re8 25. Nb6 Rb8 26. Nc5 Qf7 27. Rc1 Bf8 28. d7 Bxd7 29. Bc4 Bb5 30. Bb3 Bd6 31.
Qd2 Qg6 32. Ne6 Bxb4 33. Qxb4 Nf7 34. d6 Kh8 35. Nc7 Red8 36. Nxb5 axb5 37. Bxf7 Qxf7 38. Rc7 Qe6 39. Rd1 Nh5 40. d7 Qf6 41. Rd6 Qf7 42.
Qxb5 Nxg3 43. Qxe5+ Kg8 44. Qxg3 Kh8 45. Rd5 Kg8 46.
h5 h6 47. Qxg4+ Kh8 48. Qf5 Rg8+ 49. Kf1 Qg7 50. Qe5 Qxe5 51. Rxe5 Rbf8 52. Rf5 Rd8 53.
Rxf3 Rg7 54. Ke2 Rg5 55. Rc8 Rxa5 56. Rxd8+ Kh7 57. Rh8+ Kg7 58. d8=Q Ra2+ 59. Ke3 Re2+ 60. Kd3 Rd2+ 61. Kc3 Rc2+ 62. Kd4 Rd2+ 63. Ke5 Rd5+ 64.
Qxd5 1-0

[Event "*** Titled Tuesday Blitz"]
[Site "Chess.com"]
[Date "2020.04.14"]
[Round "2"]
[White "Carnivoras"]
[Black "Trickov"]
[Result "1/2-1/2"]
[WhiteElo "2644"]
[BlackElo "2269"]
[TimeControl "180+1"]
[EndTime "10:18:56 PDT"]
[Termination "Game drawn by repetition"]

1. d4 d5 2. Nf3 Nf6 3. Bg5 Ne4 4.
Bh4 c5 5. c3 cxd4 6. cxd4 Nc6 7. e3 Qb6 8. Qc1 e6 9. Bd3 Bb4+ 10. Nc3 f5 11. O-O O-O 12. a3 Bd6 13. b4 Bd7 14. Na4 Qc7 15. Nc5 Rac8 16. Bg3 Nxg3 17. hxg3 b6 18.
Nxd7 Qxd7 19. Qb2 Nb8 20. Rfc1 b5 21. Nd2 a6 22. Nb3 Rxc1+ 23. Rxc1 Rc8 24. Nc5 Bxc5 25.
bxc5 Nc6 26. Rb1 Rb8 27. Qc3 Qc7 28. Rb2 Qa5 29. Qxa5 Nxa5 30. a4 Nc4 31. Rb4 Kf8 32. Kf1 Ke7 33. Ke2 Kd7 34. g4 g6 35. gxf5 gxf5 36.
axb5 Rxb5 37. Rxb5 axb5 38. Kd1 Kc6 39. Kc2 h6 40. Kc3 Kb7 41. Kb4 Kc6 42. Be2 e5 43.
Bxc4 bxc4 44. dxe5 Kd7 45. f3 Ke6 46. c6 h5 47. Kc3 h4 48. Kd4 Ke7 49. f4 Ke6 50. Kc3 Ke7 51. Kd4 Ke6 52. e4 dxe4 53. Kxc4 Ke7 54. Kd4 Ke6 55. Ke3 Ke7 56. Kf2 Ke6 57. Kg1 Ke7 58. Kf2 Ke6 59. Ke3 Ke7 60. Ke2 Ke6 61.
Kd2 Ke7 62. Ke3 Ke6 63. Kd4 Ke7 64. Ke3 Ke6 65. Kf2 Ke7 66. Kg1 Ke6 67. Kh2 Ke7 68.
Kg1 Ke6 69. Kf1 Ke7 70. Ke1 Ke6 71. Kd2 Ke7 72. Kc3 Ke6 73. Kc4 Ke7 74. Kd4 Ke6 75.
Ke3 1/2-1/2

[Event "*** Titled Tuesday Blitz"]
[Site "Chess.com"]
[Date "2020.04.14"]
[Round "2"]
[White "annamaja"]
[Black "Alopekos"]
[Result "0-1"]
[WhiteElo "2178"]
[BlackElo "2437"]
[TimeControl "180+1"]
[EndTime "10:18:58 PDT"]
[Termination "Alopekos won by checkmate"]

1. e4 c5 2. Nf3 e6 3. d4 cxd4 4.
Nxd4 Nc6 5. Nb5 d6 6. c4 Nf6 7. N1c3 a6 8. Na3 b6 9. Bf4 Bb7 10. Be2 Be7 11. O-O Rc8 12. Rc1 O-O 13. Qd2 Ne5 14. f3 Qc7 15. Rfd1 Rfd8 16. Qe3 h6 17. Qf2 Nfd7 18. Be3 Nc6 19. Nc2 Bf6 20. Qg3 Be5 21. f4 Bxc3 22. bxc3 Nf6 23. f5 Nxe4 24. Qg4 Ne5 25.
Qh5 Nxc3 26. f6 Nxe2+ 27. Qxe2 gxf6 28. Bxh6 Ng6 29. Nd4 Qc5 30. Kh1 Qe5 31. Qf2 f5 32. Bg5 Rd7 33. Nf3 Qg7 34. Qxb6 Bxf3 35. gxf3 Rdc7 36.
Qxd6 Rxc4 37. Rxc4 Rxc4 38. Qd8+ Kh7 39. Qd3 Rc5 40.
f4 Rd5 41. Qh3+ Kg8 42. Rxd5 exd5 43. Qxf5 Qa1+ 44. Kg2 Qxa2+ 45. Kg3 Qa3+ 46. Kg4 Qd6 47. Bf6 Qe6 48. Kg5 Qxf5+ 49. Kxf5 a5 50. Bb2 Kf8 51. Ba3+ Ke8 52. Bc1 Kd7 53. Kf6 d4 54.
Kxf7 Ne7 55. f5 a4 56. f6 Nd5 57. Kg6 Nc7 58. f7 Ne6 59. Kf6 Nf8 60. Ba3 Nh7+ 61. Kg7 Ke6 62. Kxh7 Kxf7 63. Bb4 d3 64. h4 a3 65. h5 a2 66. Bc3 d2 67. Bxd2 a1=Q 68.
h6 Qb1+ 69. Kh8 Qb8+ 70. Kh7 Qg8# 0-1

[Event "*** Titled Tuesday Blitz"]
[Site "Chess.com"]
[Date "2020.04.14"]
[Round "2"]
[White "serhanberat_ozdemir"]
[Black "MisiekZielony"]
[Result "1-0"]
[WhiteElo "2437"]
[BlackElo "2176"]
[TimeControl "180+1"]
[EndTime "10:18:58 PDT"]
[Termination "serhanberat_ozdemir won on time"]

1. e4 Nf6 2. Nc3 d5 3. exd5 Nxd5 4. Bc4 Nb6 5. Bb3 Nc6 6. Nf3 Na5 7. O-O Nxb3 8.
axb3 e6 9. d4 Be7 10. Be3 O-O 11.
Qd2 Nd5 12. Nxd5 exd5 13. c4 c6 14. Ne5 f6 15. Nf3 Bg4 16. Ne1 dxc4 17. bxc4 Be6 18.
b3 b5 19. Rc1 bxc4 20. bxc4 a5 21. Nd3 a4 22. Nf4 Bf7 23. Rfd1 Qa5 24. Qxa5 Rxa5 25. d5 cxd5 26. cxd5 Bd6 27. Ne6 Rfa8 28. Rc6 R5a6 29. Rdc1 Bxe6 30. Rxa6 Rxa6 31. dxe6 g5 32. f4 gxf4 33.
Rc8+ Kg7 34. Bxf4 Be7 35. Rc7 Rxe6 36. Bd6 Rxd6 37. Rxe7+ Kg6 38. Ra7 Rd4 39. Kf2 h5 40.
Ra5 f5 41. g3 Kg5 42. Ra8 Rb4 43. h3 Rb2+ 44. Kf3 Rb3+ 45. Kg2 a3 46. Ra6 f4 47. Ra5+ Kf6 48. gxf4 h4 49. Re5 Rg3+ 50. Kh2 Rf3 51.
Kg2 Rb3 52. Ra5 Ke6 53. Rh5 Rb2+ 54. Kf3 Rb3+ 55. Kg4 a2 56. Ra5 Rb2 57. Kxh4 Kf6 58. Kg3 Rb3+ 59. Kg4 Rb2 60. Ra6+ Kf7 61. h4 1-0

[Event "*** Titled Tuesday Blitz"]
[Site "Chess.com"]
[Date "2020.04.14"]
[Round "2"]
[White "AustrianFalcon"]
[Black "WIDBIFS"]
[Result "0-1"]
[WhiteElo "2549"]
[BlackElo "2783"]
[TimeControl "180+1"]
[EndTime "10:18:59 PDT"]
[Termination "WIDBIFS won by resignation"]

1. e4 g6 2. d4 Bg7 3. c4 d6 4.
Nc3 Nf6 5. Be2 O-O 6. Be3 e5 7. d5 c6 8. Nf3 Na6 9. Nd2 h5 10. h3 Bd7 11. O-O Nh7 12. a3 c5 13. Rb1 Bf6 14. Nf3 Ng5 15. Qd2 Nxf3+ 16. Bxf3 Rc8 17. Be2 Kh7 18. b4 b6 19. g4 hxg4 20. hxg4 Rh8 21.
Kg2 Kg7 22. b5 Nb8 23. Rh1 Qc7 24. Bh6+ Kg8 25. Qe3 Qd8 26. Rh2 Qe7 27. Rbh1 Bg7 28. Bxg7 Kxg7 29. Rxh8 Rxh8 30. Rxh8 Kxh8 31. Qh6+ Kg8 32.
Nd1 Qf6 33. Ne3 Qf4 34. Qxf4 exf4 35. Nc2 g5 36. f3 Bc8 37. Ne1 Nd7 38. Nd3 Kg7 39.
a4 Kf6 40. Kf2 Ne5 41. Nxe5 Kxe5 42. Ke1 Kd4 43. Kd2 Bd7 44. Bd3 Bc8 45. Be2 a5 46.
Bd3 Bd7 47. Be2 f6 48. Bd3 Be8 49. Be2 Bg6 50. Bd3 Be8 51. Be2 Bf7 52. Bd3 Bg8 53.
Be2 Bh7 54. Bd3 Bg6 55. Be2 Be8 56. Bd3 Bd7 57. Be2 Bxg4 58. fxg4 Kxe4 59. Bd3+ Kf3 60.
Bf5 Kg2 61. Be4+ Kg3 62. Ke2 Kxg4 63. Kf2 f5 64. Bd3 f3 65. Bc2 Kf4 66. Bxf5 Kxf5 67. Kxf3 g4+ 68. Kg3 Kg5 69. Kg2 Kf4 70. Kf2 Ke4 71.
Kg2 Kd4 72. Kg3 Kxc4 73. Kxg4 Kxd5 74. Kf5 c4 75. Kf4 Kd4 76. Kf5 c3 77. Ke6 c2 78. Kxd6 c1=Q 79. Kd7 Qc5 0-1

[Event "*** Titled Tuesday Blitz"]
[Site "Chess.com"]
[Date "2020.04.14"]
[Round "2"]
[White "Zurability"]
[Black "Mfcyryd"]
[Result "1/2-1/2"]
[WhiteElo "2695"]
[BlackElo "2464"]
[TimeControl "180+1"]
[EndTime "10:19:01 PDT"]
[Termination "Game drawn by repetition"]

1. d4 Nf6 2. c4 e6 3. Nf3 b6 4. a3 Bb7 5. Nc3 d6 6. d5 e5 7. e4 g6 8. Be2 Bg7 9. O-O O-O 10. b4 a5 11. Rb1 axb4 12. axb4 Nbd7 13. h3 Ba6 14. Be3 h6 15. Nd2 Nh7 16. c5 bxc5 17.
bxc5 Bxe2 18. Qxe2 f5 19. cxd6 cxd6 20. Nc4 f4 21.
Bd2 Rf6 22. f3 g5 23. Nb5 Bf8 24. Ra1 h5 25. Na7 Qe8 26. Nc6 Rg6 27. Rxa8 Qxa8 28. Rb1 g4 29. fxg4 hxg4 30. hxg4 Qa6 31. Kf1 Ng5 32. Bb4 Rh6 33. Kg1 Nb6 34. Rc1 Nxc4 35. Qxc4 Qb6+ 36. Bc5 Qxc5+ 37. Qxc5 dxc5 38. Nxe5 Nxe4 39. Nd3 Rg6 40. Nxf4 Rxg4 41. Ne6 Rg6 42. Rb1 Rf6 43. Rb8 Nd6 44. Rb6 Nf5 45. Rb8 c4 46. Rc8 Ne3 47.
d6 Kf7 48. d7 Be7 49. d8=Q Bxd8 50. Nxd8+ Kg6 51. Nc6 Kf5 52. Nd4+ Ke4 53. Nf3 Kd3 54. Rd8+ Ke2 55. Re8 c3 56. Nd4+ Kd3 57. Nb3 c2 58. Nc1+ Kc3 59. Na2+ Kd2 60. Rd8+ Ke2 61. Nc1+ Ke1 62.
Nd3+ Ke2 63. Nc1+ Ke1 64. Nd3+ Ke2 65. Nc1+ 1/2-1/2

[Event "*** Titled Tuesday Blitz"]
[Site "Chess.com"]
[Date "2020.04.14"]
[Round "2"]
[White "Gentlejimmy7"]
[Black "figo13"]
[Result "0-1"]
[WhiteElo "2650"]
[BlackElo "2351"]
[TimeControl "180+1"]
[EndTime "10:19:01 PDT"]
[Termination "figo13 won by checkmate"]

1. d4 Nf6 2. g3 c5 3. Nf3 cxd4 4. Nxd4 Nc6 5. Bg2 Qb6 6. Nb3 g6 7. Nc3 Bg7 8. Bg5 Qd8 9. Qd2 d6 10. Bh6 O-O 11. h4 Ne5 12. h5 Nc4 13. Qf4 Nxb2 14.
Bxg7 Kxg7 15. hxg6 fxg6 16. Nd5 h5 17. Nxf6 Rxf6 18. Qd4 Qb6 19. Qxb6 axb6 20. O-O Na4 21. e3 Nc3 22. a3 Ra4 23. Nd4 e5 24. Nf3 Bg4 25. Nd2 Be2 26. Rfe1 Ba6 27. Nb1 Nb5 28. Ra2 h4 29. gxh4 Rxh4 30. Rb2 Rf5 31. Nd2 Rg4 32. f3 Rgg5 33. Kf2 Rf8 34. Ne4 Rgf5 35. a4 Nc7 36. Rxb6 Nd5 37. Rxd6 Nf6 38. Nxf6 R8xf6 39. Red1 Rxd6 40.
Rxd6 Rf6 41. Kg3 Rxd6 42. f4 Rd2 43. Be4 Re2 44. Kf3 exf4 45. exf4 Kf6 46. Bd5 Rxc2 47. Be4 Rc3+ 48. Kg4 Ra3 49. Bc2 Ra2 50. Bb3 Be2+ 51.
Kh4 Rb2 52. Bd5 Rb4 53. Kg3 g5 54. fxg5+ Kxg5 55. Kf2 Rxa4 56. Bxb7 Bb5 57. Ke3 Rb4 58. Be4 Kf6 59. Bc2 Ke5 60. Bd1 Bc4 61. Bc2 Rb2 62.
Bg6 Re2+ 63. Kf3 Rd2 64. Ke3 Rh2 65. Bb1 Rh3+ 66. Kd2 Kd4 67. Bg6 Rh2+ 68. Kd1 Bd3 69. Bf7 Ke3 70. Kc1 Rc2+ 71. Kd1 Rb2 72. Ba2 Rxa2 73.
Kc1 Be4 74. Kd1 Ra1# 0-1

[Event "*** Titled Tuesday Blitz"]
[Site "Chess.com"]
[Date "2020.04.14"]
[Round "2"]
[White "Lupul_Cenusiu"]
[Black "Fighterman91"]
[Result "1-0"]
[WhiteElo "2479"]
[BlackElo "2691"]
[TimeControl "180+1"]
[EndTime "10:19:06 PDT"]
[Termination "Lupul_Cenusiu won by resignation"]

1. d4 Nf6 2. c4 g6 3. Nc3 d5 4. cxd5 Nxd5 5. Bd2 Bg7 6. Nf3 O-O 7. Rc1 Nxc3 8.
Bxc3 b6 9. g3 Bb7 10. Bg2 Nd7 11. O-O e6 12. Re1 c5 13. dxc5 Nxc5 14. Bxg7 Kxg7 15.
Qd4+ Qxd4 16. Nxd4 Bxg2 17. Kxg2 Rac8 18. Nb5 a6 19.
Nd6 Rc6 20. Red1 a5 21. b3 Rc7 22. a3 Na6 23. Rxc7 Nxc7 24. Rc1 Na6 25. Rc6 Rb8 26. Nc4 Nc5 27. b4 axb4 28. axb4 Na4 29. Rc7 Kf6 30.
f4 Kg7 31. Ne5 Rf8 32. Kf3 Kg8 33. g4 f6 34. Nc6 b5 35. Nd4 Re8 36. Nxb5 Nb6 37.
e3 Nd5 38. Rb7 Nxb4 39. Nc7 Re7 40. Rb8+ Kg7 41. Nxe6+ Rxe6 42. Rxb4 Re7 43. Rb6 Rf7 44. h4 h6 45. e4 Re7 46. g5 hxg5 47. hxg5 fxg5 48.
fxg5 Ra7 49. Kf4 Rf7+ 50. Ke5 Ra7 51. Ke6 Ra8 52. Rb7+ Kg8 53. Kf6 Ra6+ 54. Ke5 Ra5+ 55. Kf4 Rc5 56. Rd7 Ra5 57. Rd5 Ra7 58. Ke5 Kf7 59.
Rd6 Ra5+ 60. Rd5 Ra7 61. Rc5 Re7+ 62. Kf4 Ra7 63. Rc6 Ra5 64. Rc7+ Kf8 65. Rd7 Rb5 66. Rd5 Rb7 67. Ke5 Re7+ 68. Kf6 Re8 69. Rd7 Rxe4 70. Rd8+ Re8 71. Rxe8+ Kxe8 72. Kxg6 1-0

[Event "*** Titled Tuesday Blitz"]
[Site "Chess.com"]
[Date "2020.04.14"]
[Round "2"]
[White "Ind1anStar"]
[Black "Siemba"]
[Result "1-0"]
[WhiteElo "2594"]
[BlackElo "2230"]
[TimeControl "180+1"]
[EndTime "10:19:08 PDT"]
[Termination "Ind1anStar won on time"]

1. c4 Nf6 2. Nc3 g6 3. g3 Bg7 4. Bg2 O-O 5. Nf3 d6 6. O-O e5 7. d3 Nc6 8. Rb1 a5 9. a3 Re8 10. b4 axb4 11. axb4 e4 12. dxe4 Nxe4 13. Nxe4 Rxe4 14.
Nd2 Re8 15. Bb2 Bg4 16. Nf3 Bf5 17. Bxg7 Bxb1 18. Bc3 Be4 19. Nd4 Bxg2 20. Kxg2 Qe7 21. e3 Ra2 22. Nxc6 bxc6 23. Kg1 Qe4 24. Bd4 Qc2 25. Qf3 Qf5 26. Qxc6 Re7 27. Qb7 f6 28.
Qb8+ Kg7 29. c5 dxc5 30. Bxc5 Rf7 31. Qd8 Rc2 32. Bd4 h5 33. h4 Rc4 34. Bc5 Rg4 35. Ra1 Qd7 36. Qb8 g5 37. Ra8 Kg6 38.
hxg5 Rxg5 39. Kh2 h4 40. Qb7 hxg3+ 41. fxg3 Rh5+ 42. Kg2 Qh3+ 43. Kf3 Qh1+ 44. Kg4 Qxb7 45. Rg8+ Kh7 46. Re8 Qe4+ 47. Rxe4 f5+ 48. Kxh5 fxe4 49. Bd4 Rf3 50. Kh4 Kg6 51. g4 Rf1 52. Bc5 Rh1+ 53.
Kg3 Rf1 54. Bd4 c6 55. Bc5 Rf3+ 56. Kh4 Rf1 57. Kg3 Rf7 58. Bd4 Rd7 59. Kf4 Re7 60. Be5 Re8 61. Kxe4 Kf7 62. Kf5 Rc8 63. g5 Rg8 64.
Bd6 Rg6 65. Bc5 Rg8 66. e4 Ke8 67. e5 Rg7 68. e6 Rg8 69. Kf6 Rh8 70. g6 Rh1 71. g7 Rf1+ 72. Kg6 1-0

[Event "*** Titled Tuesday Blitz"]
[Site "Chess.com"]
[Date "2020.04.14"]
[Round "2"]
[White "CalinGheorghiu"]
[Black "Peng_Li-Min"]
[Result "1-0"]
[WhiteElo "2332"]
[BlackElo "2631"]
[TimeControl "180+1"]
[EndTime "10:19:09 PDT"]
[Termination "CalinGheorghiu won by resignation"]

1. e4 c5 2. Nf3 d6 3. d4 cxd4 4. Nxd4 Nf6 5. Nc3 a6 6. f3 e5 7.
Nb3 Be6 8. Be3 h5 9. Qd2 Nbd7 10. Be2 Rc8 11. O-O b5 12. a4 b4 13. Na2 a5 14.
Nac1 Qc7 15. Nd3 Be7 16. Rac1 O-O 17. Nf2 d5 18. exd5 Nxd5 19. Bd3 f5 20. Rfe1 f4 21. Bd4 Bf7 22. Be4 N5f6 23. Bf5 Rce8 24. Bxe5 Nxe5 25. Qxf4 Bd6 26. Qh4 Qc4 27. Ne4 Nxe4 28. Rxe4 Qc7 29. Nd4 Nc4 30. Ne6 Qb6+ 31. Kh1 Nxb2 32. Qg5 Bxe6 33.
Bxe6+ Rxe6 34. Rxe6 Qd4 35. Rce1 Qf4 36. Qxh5 Nxa4 37.
Re8 Rxe8 38. Qxe8+ Bf8 39. Qxa4 Qd2 40. Qe8 Qxc2 41.
Qe6+ Kh8 42. h3 Qc5 43. Re4 Qc1+ 44. Kh2 Qc7+ 45. Kh1 Qc1+ 46. Re1 Qc5 47. Qf7 Kh7 48. Qe6 Bd6 49. Qe4+ Kh8 50. Qh4+ Kg8 51. Re8+ Kf7 52. Re1 b3 53. Qe4 b2 54. Qe8+ Kf6 55. Qe6+ Kg5 56.
Qg4+ Kh6 57. Re6+ Kh7 58. Qg6+ Kg8 59. Re8+ Bf8 60. Qe6+ Kh7 61. Qe4+ g6 62. Re6 Qc1+ 63. Kh2 Qc7+ 64. f4 Qf7 65. Rb6 Bb4 66. Rb7 Kg7 67. Rxf7+ Kxf7 68. Qd5+ Kf6 69. Qe5+ Kf7 70. Qxb2 Bd6 71. Qd4 Ke7 72. Qe4+ Kd7 73. Qxg6 Bxf4+ 74. g3 Bd6 75. Qe4 a4 76. Qxa4+ 1-0

[Event "*** Titled Tuesday Blitz"]
[Site "Chess.com"]
[Date "2020.04.14"]
[Round "2"]
[White "WastefulJustice"]
[Black "DonPreuss"]
[Result "1-0"]
[WhiteElo "2439"]
[BlackElo "2178"]
[TimeControl "180+1"]
[EndTime "10:19:12 PDT"]
[Termination "WastefulJustice won by resignation"]

1. e4 e5 2. Nf3 d5 3. d4 dxe4 4.
Nxe5 Bd6 5. Bc4 Bxe5 6. Qh5 Qe7 7. dxe5 g6 8. Qg5 Nc6 9. Bd5 Nxe5 10. Qxe7+ Nxe7 11. Bxe4 c6 12. Nc3 Bf5 13. Bf4 f6 14. O-O-O Rd8 15. Bxf5 gxf5 16. Rde1 N7g6 17. Bh6 Kf7 18. h3 Rhe8 19. b3 f4 20. f3 Nh4 21. Re2 Nd3+ 22. cxd3 Rxe2 23. Nxe2 Nxg2 24. Nxf4 Nxf4 25. Bxf4 Rxd3 26.
Rd1 Rxf3 27. Bb8 Rxh3 28. Rd7+ Ke6 29. Rxb7 f5 30. Rxa7 Kd5 31. Rf7 Ke4 32. Kc2 Rh2+ 33. Kc3 h5 34. a4 h4 35. a5 Ra2 36. Bc7 h3 37. Rh7 f4 38. Rh4 Kf5 39. Rxf4+ Ke6 40. Rh4 Kd7 41. Bb6 h2 42. Kb4 Kd6 43. Rh6+ Kd7 44. Bc5 Kc7 45. Rh7+ Kc8 46. Bd6 Ra1 47. Bxh2 c5+ 48. Kb5 c4 49. bxc4 Rb1+ 50. Kc6 Kd8 51. Bd6 Ke8 52. Re7+ Kd8 53. Ra7 Ke8 54. Re7+ Kd8 55.
a6 Ra1 56. a7 Ra6+ 57. Kd5 Ra5+ 58. Ke6 Ra2 59. Rd7+ Kc8 60. Rc7+ Kd8 61. Rh7 Kc8 62. Rh8+ Kb7 63. Rb8+ Kc6 64. c5 Re2+ 65. Kf7 Rf2+ 66. Kg6 Rg2+ 67. Kh5 Ra2 68. a8=Q+ Rxa8 69. Rxa8 Kd7 70.
Ra7+ Kc6 71. Rc7+ Kb5 72. Kg5 Ka6 73. Kf5 Kb5 74. Ke6 Ka6 75. Ke5 Kb5 76. Kd5 Ka6 77. Rc6+ Kb5 78. Rb6+ Ka5 79. Rb1 Ka6 80. Kc6 1-0

[Event "*** Titled Tuesday Blitz"]
[Site "Chess.com"]
[Date "2020.04.14"]
[Round "2"]
[White "Winehouse83"]
[Black "HarutyunianTigranK"]
[Result "0-1"]
[WhiteElo "2447"]
[BlackElo "2701"]
[TimeControl "180+1"]
[EndTime "10:19:14 PDT"]
[Termination "HarutyunianTigranK won by resignation"]

1. d4 Nf6 2. c4 e6 3. Nc3 Bb4 4. Qc2 O-O 5. e4 d6 6. e5 dxe5 7. dxe5 Nfd7 8. Nf3 Nc6 9. Bf4 a5 10. Bd3 h6 11. O-O-O Qe7 12. Nb5 Bc5 13. Nxc7 Nb4 14. Qb1 Rb8 15. Bh7+ Kh8 16. a3 Na6 17. Nb5 Nb6 18.
Bd3 Bd7 19. Nd6 Ba4 20. Bc2 Bc6 21. Be4 Bxf2 22. Rhf1 Bc5 23. g4 Rbc8 24. Nxc8 Rxc8 25. Nd2 Ba4 26. Bc2 Bxa3 27. bxa3 Qxa3+ 28. Qb2 Qc5 29. Bxa4 Nxa4 30. Qb3 b5 31. Be3 Qxe5 32. Rf4 Nb4 33. Re4 Qa1+ 34. Nb1 Na2+ 35. Kd2 Rd8+ 36. Ke1 Rxd1+ 37.
Qxd1 N2c3 38. Nxc3 Qxc3+ 39. Bd2 Qd3 40. Qe2 Qb1+ 41. Qd1 Qxe4+ 42. Qe2 Qxe2+ 43. Kxe2 bxc4 44. Bxa5 f6 45. Ke3 e5 46. Ke4 Kh7 47. Kd5 c3 48. Kc4 c2 49. Bd2 Kg6 50. Kb3 Nc5+ 51. Kxc2 Ne4 52.
Be3 Ng5 53. Kd3 Nf3 54. h3 h5 55. Ke4 hxg4 56. hxg4 Ng5+ 57. Kd5 Nf7 58. Ke6 Nh6 59.
g5 Ng4 60. gxf6 gxf6 61. Bd2 Nh2 62. Kd5 Nf3 63. Be3 Ng5 64. Kc4 Kf5 65. Kd3 Ne6 66. Ke2 e4 67. Kf2 Ke5 68. Bc1 f5 69. Bb2+ Kd5 70.
Ke3 f4+ 71. Ke2 Nc5 72. Bc1 Ke5 73. Bb2+ Kf5 74. Bc1 Kg4 75. Bd2 Nd3 76. Kf1 e3 77.
Bc3 f3 78. Kg1 e2 0-1